Map: [ESL] Hecate

Players

ShaDoWn - Winner!

  • Race: Protoss Protoss
  • Spawn Location: 7:00

PAPl

  • Race: Protoss Protoss
  • Spawn Location: 1:00

Event: ESL SC2 Masters 2023 Winter (Regional)

VOD

Have the link to the VOD?

Description

Time

  • Played on: Oct. 29, 2023, 11:20 a.m.
  • Length: 16:52

All games in this series

Show
View Real Time Build Order
Export as new Build Order

ShaDoWn Protoss - Winner!

Build Orders:  

Get SALT Encoding   

  12  0:00  Probe  
  13  0:12  Probe  
  14  0:16  Pylon  
  14  0:24  Probe  
  15  0:34  Gateway  
  15  0:37  Probe (Chrono Boost)  
  16  0:47  Assimilator, Probe (Chrono Boost)  
  17  0:52  Probe (Chrono Boost)  
  18  1:03  Probe (Chrono Boost)  
  19  1:04  Assimilator  
  19  1:09  Gateway  
  19  1:12  Probe (Chrono Boost)  
  19  1:17  Probe (Chrono Boost)  
  20  1:24  Cybernetics Core  
  21  1:29  Probe  
  22  1:35  Pylon  
  22  1:41  Probe  
  23  1:53  Probe  
  24  2:00  Warp Gate, Stalker x2  
  28  2:05  Probe  
  29  2:09  Pylon  
  29  2:18  Probe  
  30  2:30  Stalker x2  
  30  2:35  Probe  
  35  2:56  Nexus  
  35  2:59  Probe  
  35  3:04  Shield Battery  
  35  3:11  Probe  
  36  3:15  Twilight Council  
  36  3:24  Pylon, Probe  
  37  3:37  Probe  
  36  3:49  Probe  
  36  3:50  Adept x2  
  41  3:58  Pylon  
  41  4:01  Probe  
  41  4:02  Blink (Chrono Boost)  
  40  4:12  Sentry, Stalker  
  40  4:13  Probe  
  45  4:17  Probe  
  46  4:27  Probe  
  46  4:29  Probe  
  48  4:37  Stalker x2  
  52  4:39  Probe  
  52  4:41  Probe  
  52  4:42  Robotics Facility  
  54  4:51  Probe  
  55  4:53  Probe  
  56  5:01  Stalker x2  
  56  5:03  Probe  
  56  5:05  Probe  
  62  5:15  Probe  
  62  5:17  Probe  
  62  5:19  Nexus  
  64  5:24  Stalker x2  
  64  5:27  Probe  
  68  5:30  Observer (Chrono Boost)  
  68  5:34  Pylon  
  68  5:35  Probe  
  70  5:40  Assimilator  
  70  5:43  Pylon  
  70  5:50  Probe  
  70  5:53  Stalker x2  
  70  5:55  Probe  
  73  6:01  Observer x2 (Chrono Boost)  
  73  6:02  Probe (Chrono Boost)  
  74  6:07  Probe (Chrono Boost), Forge  
  75  6:14  Probe (Chrono Boost)  
  77  6:18  Probe (Chrono Boost)  
  77  6:19  Shield Battery  
  77  6:21  Probe (Chrono Boost)  
  77  6:23  Probe (Chrono Boost)  
  75  6:27  Stalker x2  
  75  6:29  Probe (Chrono Boost)  
  80  6:33  Probe (Chrono Boost)  
  80  6:35  Protoss Ground Weapons Level 1 (Chrono Boost), Probe (Chrono Boost)  
  83  6:41  Probe (Chrono Boost)  
  83  6:44  Probe (Chrono Boost)  
  83  6:45  Dark Shrine, Probe (Chrono Boost)  
  83  6:46  Probe (Chrono Boost)  
  85  6:49  Probe (Chrono Boost)  
  85  6:50  Probe (Chrono Boost)  
  85  6:51  Stalker x2  
  92  6:55  Probe  
  92  6:57  Assimilator  
  92  6:59  Probe  
  94  7:09  Observer, Gateway x2  
  94  7:10  Gateway  
  94  7:12  Probe  
  94  7:13  Observer  
  95  7:20  Gateway, Stalker  
  95  7:22  Gateway  
  97  7:26  Stalker  
  99  7:38  Nexus  
  99  7:39  Pylon  
  99  7:40  Observer  
  100  7:46  Pylon  
  100  7:49  Charge, Probe  
  101  7:53  Observer, Gateway  
  101  7:57  Probe  
  102  7:59  Dark Templar  
  102  8:00  Dark Templar, Shadow Stride (Chrono Boost)  
  102  8:03  Probe  
  107  8:06  Shield Battery  
  107  8:08  Photon Cannon, Stalker x2  
  107  8:10  Photon Cannon  
  111  8:14  Probe  
  111  8:18  Stalker  
  111  8:19  Stalker  
  116  8:24  Pylon  
  116  8:25  Photon Cannon  
  116  8:27  Photon Cannon  
  116  8:33  Probe  
  117  8:39  Pylon  
  117  8:40  Pylon  
  117  8:42  Stalker, Pylon  
  117  8:43  Stalker x3  
  125  8:50  Probe (Chrono Boost)  
  126  8:56  Probe (Chrono Boost)  
  126  8:58  Probe (Chrono Boost)  
  126  9:04  Stalker x4, Probe (Chrono Boost)  
  126  9:09  Stalker  
  135  9:13  Probe  
  135  9:15  Probe  
  135  9:16  Protoss Ground Weapons Level 2 (Chrono Boost)  
  132  9:17  Probe  
  132  9:18  Zealot x3  
  132  9:20  Assimilator, Probe  
  139  9:30  Probe  
  140  9:35  Dark Templar x2  
  144  9:39  Probe  
  144  9:42  Pylon  
  145  9:47  Dark Templar  
  145  9:48  Zealot x5  
  157  9:53  Pylon  
  157  9:54  Probe x2  
  157  9:56  Assimilator  
  157  9:57  Nexus  
  157  9:59  Pylon  
  159  10:05  Gateway  
  159  10:08  Dark Templar  
  159  10:10  Zealot  
  159  10:11  Zealot x4  
  169  10:25  Stalker x2  
  173  10:28  Pylon  
  173  10:35  Stalker x5  
  183  10:39  Pylon x2  
  183  10:43  Probe  
  176  10:52  Stalker x3  
  168  11:01  Stalker x5  
  176  11:07  Photon Cannon  
  150  11:11  Stalker  
  150  11:15  Observer, Zealot, Stalker x2  
  149  11:21  Protoss Ground Weapons Level 3 (Chrono Boost), Probe x3  
  149  11:23  Photon Cannon  
  149  11:25  Photon Cannon  
  152  11:26  Probe  
  152  11:28  Zealot x5  
  152  11:30  Photon Cannon  
  152  11:31  Probe  
  164  11:33  Probe  
  165  11:43  Stalker x4  
  164  11:48  Stalker  
  164  11:49  Stalker  
  164  11:50  Stalker  
  161  11:55  Zealot x2  
  145  12:06  Dark Templar x4  
  133  12:12  Archon  
  133  12:13  Zealot x3  
  127  12:18  Zealot x2  
  101  12:33  Photon Cannon, Stalker  
  101  12:34  Stalker x2  
  101  12:35  Probe x2 (Chrono Boost)  
  99  12:37  Probe (Chrono Boost)  
  99  12:38  Stalker  
  99  12:39  Stalker x5  
  99  12:43  Probe (Chrono Boost)  
  108  12:47  Probe x2 (Chrono Boost)  
  108  12:48  Observer  
  111  12:53  Probe x3 (Chrono Boost)  
  111  12:55  Observer, Shield Battery  
  111  12:58  Probe (Chrono Boost)  
  114  13:00  Stalker x3  
  114  13:01  Stalker  
  114  13:02  Stalker x3  
  125  13:21  Zealot x2  
  125  13:26  Zealot x7  
  143  13:32  Probe x2  
  143  13:33  Probe  
  146  13:36  Observer  
  146  13:40  Pylon  
  146  13:42  Probe  
  147  13:48  Dark Templar x4  
  147  13:49  Dark Templar  
  147  13:51  Stalker x3  
  147  13:52  Photon Cannon  
  147  13:55  Photon Cannon  
  163  13:59  Stalker  
  163  14:02  Photon Cannon  
  165  14:04  Photon Cannon  
  160  14:17  Stalker x3  
  160  14:24  Stalker x6  
  160  14:36  Probe  
  150  14:40  Zealot x3  
  127  14:47  Zealot  
  127  14:48  Zealot x5  
  120  15:00  Zealot x3  
  120  15:01  Immortal  
  116  15:09  Zealot x6  
  116  15:10  Probe  
  115  15:14  Shield Battery  
  115  15:16  Photon Cannon, Probe  
  114  15:25  Stalker x3  
  120  15:29  Probe x4  
  120  15:31  Stalker x6  
  120  15:33  Probe  
  137  15:54  Stalker x3  
  137  15:55  Stalker x4  
  148  16:08  Stalker x2  
  140  16:13  Observer (Chrono Boost)  
  127  16:22  Zealot x7  
  102  16:35  Stalker x2  
  104  16:42  Zealot x4, Stalker x2  
Show
View Real Time Build Order
Export as new Build Order

PAPl Protoss 

Build Orders: Phoenix Opening, Blink Stalkers 

Get SALT Encoding   

  12  0:00  Probe  
  13  0:12  Probe  
  14  0:17  Pylon  
  14  0:24  Probe (Chrono Boost)  
  15  0:36  Probe (Chrono Boost)  
  15  0:37  Gateway  
  16  0:44  Probe (Chrono Boost)  
  16  0:46  Assimilator  
  17  0:51  Probe  
  17  0:54  Assimilator  
  18  1:03  Probe (Chrono Boost)  
  19  1:08  Gateway  
  19  1:12  Probe (Chrono Boost)  
  19  1:17  Probe (Chrono Boost)  
  20  1:24  Cybernetics Core  
  21  1:29  Probe  
  22  1:41  Probe  
  22  1:43  Pylon  
  23  1:58  Warp Gate (Chrono Boost)  
  23  2:01  Stalker, Probe  
  24  2:07  Stalker  
  28  2:11  Pylon  
  28  2:13  Probe  
  29  2:28  Pylon  
  29  2:31  Sentry  
  31  2:37  Sentry  
  32  2:44  Probe  
  33  2:52  Nexus  
  33  2:56  Probe  
  34  3:01  Twilight Council, Phoenix  
  34  3:09  Probe (Chrono Boost)  
  34  3:10  Pylon  
  35  3:21  Probe (Chrono Boost)  
  36  3:32  Probe  
  37  3:38  Stalker  
  37  3:39  Stalker  
  38  3:48  Probe  
  38  3:59  Blink (Chrono Boost)  
  38  4:01  Probe (Chrono Boost)  
  40  4:10  Dark Shrine  
  40  4:12  Probe (Chrono Boost)  
  40  4:13  Probe (Chrono Boost), Adept  
  40  4:16  Adept  
  45  4:21  Probe (Chrono Boost)  
  45  4:22  Probe (Chrono Boost)  
  49  4:32  Shield Battery, Probe (Chrono Boost)  
  49  4:34  Probe (Chrono Boost)  
  49  4:37  Probe (Chrono Boost)  
  50  4:40  Probe  
  50  4:43  Pylon  
  51  4:46  Probe  
  51  4:50  Stalker x2  
  51  4:52  Shield Battery, Probe  
  57  4:58  Probe  
  58  5:03  Assimilator  
  58  5:09  Shield Battery  
  58  5:10  Probe  
  57  5:18  Probe  
  58  5:26  Dark Templar x2  
  60  5:29  Probe  
  60  5:32  Probe  
  62  5:38  Robotics Facility  
  62  5:41  Probe  
  63  5:42  Nexus  
  63  5:44  Pylon  
  63  5:48  Probe  
  64  5:54  Probe  
  65  6:00  Stalker x2, Probe  
  68  6:06  Probe  
  68  6:07  Gateway  
  68  6:08  Gateway, Shield Battery  
  69  6:12  Probe  
  69  6:17  Forge  
  69  6:18  Probe  
  71  6:20  Pylon  
  71  6:24  Immortal (Chrono Boost), Probe  
  72  6:30  Probe  
  77  6:36  Probe  
  77  6:38  Protoss Ground Weapons Level 1 (Chrono Boost)  
  76  6:40  Dark Templar x2  
  76  6:42  Probe  
  81  6:48  Probe  
  82  6:54  Probe  
  82  6:55  Probe  
  82  6:56  Immortal (Chrono Boost)  
  82  6:57  Assimilator, Pylon  
  82  7:00  Probe  
  90  7:11  Zealot  
  90  7:12  Zealot  
  90  7:13  Zealot x2  
  98  7:19  Pylon, Charge  
  97  7:28  Immortal (Chrono Boost)  
  101  7:35  Gateway  
  101  7:37  Gateway  
  101  7:40  Gateway  
  101  7:42  Gateway  
  101  7:43  Pylon  
  101  7:46  Nexus  
  101  7:48  Pylon  
  101  7:51  Probe  
  102  7:55  Zealot x2  
  106  8:00  Observer (Chrono Boost), Templar Archives  
  106  8:04  Pylon  
  107  8:11  Dark Templar  
  107  8:12  Dark Templar  
  111  8:17  Archon  
  111  8:18  Photon Cannon  
  111  8:20  Photon Cannon  
  111  8:21  Zealot  
  111  8:23  Shield Battery  
  111  8:24  Zealot  
  111  8:26  Pylon  
  115  8:30  Observer  
  115  8:31  Photon Cannon  
  116  8:41  Protoss Ground Weapons Level 2 (Chrono Boost)  
  116  8:42  Photon Cannon, Probe  
  116  8:43  Photon Cannon  
  114  8:51  Probe  
  115  8:59  Zealot x3  
  121  9:06  Nexus  
  121  9:08  Probe  
  120  9:13  Warp Prism (Chrono Boost)  
  120  9:18  Probe  
  120  9:20  High Templar x2, Zealot x2  
  129  9:32  Zealot x2  
  129  9:37  Zealot x2  
  129  9:38  Pylon  
  137  9:40  Probe  
  137  9:41  Probe  
  137  9:42  Observer  
  140  9:47  Archon  
  140  9:52  Pylon  
  140  9:54  Pylon  
  140  9:55  Pylon  
  140  9:56  High Templar x2  
  140  9:57  Zealot x2, Gateway  
  140  9:58  Gateway  
  148  10:00  Archon  
  148  10:11  Stalker x4  
  156  10:18  Zealot  
  156  10:19  Zealot  
  160  10:21  Assimilator  
  160  10:24  Assimilator  
  160  10:29  Pylon  
  160  10:30  Protoss Ground Armor Level 1 (Chrono Boost)  
  160  10:35  Zealot  
  160  10:36  Zealot x5  
  160  10:40  Zealot  
  160  10:41  Zealot  
  166  10:58  Observer, Zealot x3  
  166  10:59  Zealot x5  
  160  11:27  Stalker x7  
  160  11:28  Stalker x3  
  180  11:34  Pylon  
  180  11:42  Observer  
  165  11:51  Zealot x9  
  155  11:56  Zealot  
  121  12:13  High Templar x3, Protoss Ground Weapons Level 3 (Chrono Boost)  
  121  12:14  High Templar  
  121  12:19  Archon x2  
  121  12:21  Zealot x5  
  103  12:24  Zealot x3  
  103  12:25  Zealot x3  
  103  12:26  Probe x2  
  109  12:30  Warp Prism (Chrono Boost)  
  109  12:32  Probe  
  108  12:38  Observer  
  100  12:46  Zealot x9  
  117  12:55  Zealot  
  118  13:03  Immortal (Chrono Boost)  
  122  13:07  Stalker x4  
  122  13:09  High Templar  
  122  13:10  High Templar  
  134  13:14  Archon  
  133  13:21  Zealot  
  133  13:22  Zealot x3  
  142  13:31  High Templar  
  142  13:32  High Templar  
  145  13:35  Zealot x2  
  145  13:36  Archon  
  145  13:37  Assimilator  
  149  13:41  Zealot x4  
  149  13:42  Zealot  
  149  13:47  Stalker  
  159  13:55  Stalker x4  
  165  14:02  Stalker x4  
  169  14:16  Observer  
  167  14:18  Observer  
  167  14:23  Zealot  
  167  14:24  Zealot x5  
  156  14:28  Zealot x3  
  128  14:43  Zealot  
  128  14:44  Zealot x4  
  122  14:49  Observer  
  107  14:59  Zealot x3  
  113  15:00  Zealot x3  
  111  15:15  High Templar x3  
  111  15:16  High Templar  
  111  15:19  Archon  
  111  15:20  Archon  
  115  15:22  High Templar x2, Zealot  
  115  15:23  Zealot x2  
  115  15:26  Archon  
  115  15:27  Warp Prism  
  125  15:32  Stalker  
  127  15:43  High Templar  
  127  15:44  Zealot x2  
  118  16:07  Zealot  
  118  16:08  Zealot x6  
  123  16:16  Dark Templar  
Tags
 
Add a new tag
Caveats
  • Supply blocks, unpowered buildings, or Contaminate may cause inaccurate times.
  • Supply counts are checked every 10 seconds.